 Dungeon Crawl Stone Soup version 0.29-a0-791-ga0f254aafb (webtiles) character file.

Game seed: 4952042422525356172

19287 Malachi the Fighter (level 12, -15/102 HPs)
             Began as a Demonspawn Brigand on July 3, 2022.
             Was a Priest of Jiyva.
             Demolished by an entropy weaver simulacrum (31 damage)
             ... in an ice cave.
             The game lasted 00:31:18 (10836 turns).

Malachi the Fighter (Demonspawn Brigand)           Turns: 10836, Time: 00:31:19

Health: -15/102    AC: 20    Str: 12    XL:     12   Next: 35%
Magic:  12/12      EV: 27    Int: 12    God:    Jiyva [***...]
Gold:   314        SH:  0    Dex: 20    Spells: 11/11 levels left

rFire   + + +      SeeInvis .   s - +1 double sword (flame)
rCold   . . .      Faith    .   (no shield)
rNeg    . . .      Spirit   .   f - +0 swamp dragon scales
rPois   +          Reflect  .   x - +1 helmet "Visesil" {rF++ Regen+}
rElec   .          Harm     .   c - +0 cloak
rCorr   +          Rampage  .   (no gloves)
Will    .....                   (no boots)
Stlth   +++.......              r - amulet of the acrobat
HPRegen 2.19/turn               u - +4 ring of evasion
MPRegen 0.48/turn               l - +4 ring of protection

@: unable to drink
A: claws 1, powered by death 1, sturdy frame 2, demonic magic 2, talons 2, fire
resistance 1, mutation resistance 1, gelatinous body 3, inability to drink while
threatened 1
a: Renounce Religion, Oozemancy


You were in an ice cave.
You worshipped Jiyva.
Jiyva was most pleased with you.
You visited 2 branches of the dungeon, and saw 12 of its levels.
You also visited: Sewer, Bailey and Ice Cave.

You collected 314 gold pieces.

Inventory:

Hand Weapons
 p - a +4 dagger
 s - a +1 double sword of flaming (weapon)
 y - a +0 short sword of venom
 A - a +1 scimitar of flaming
Missiles
 d - 17 poisoned darts (quivered)
 e - 4 curare-tipped darts
 g - 16 javelins
Armour
 c - a +0 cloak (worn)
 f - +0 swamp dragon scales (worn)
 x - the +1 helmet "Visesil" (worn) {rF++ Regen+}
   (You found it on level 8 of the Dungeon)

   rF:        It greatly protects you from fire.
   Regen:     It increases your rate of health regeneration.
 B - a +0 troll leather armour
Jewellery
 a - the ring "Ezifurphusu" {Fire rPois Str+6 Int-5}
   (You found it on level 10 of the Dungeon)

   [ring of fire]

   It enhances your fire magic.
   Str:       It affects your strength (+6).
   Int:       It affects your intelligence (-5).
   rF:        It protects you from fire.
   rC:        It makes you vulnerable to cold.
   rPois:     It protects you from poison.
 l - a +4 ring of protection (right claw)
 r - an amulet of the acrobat (around neck)
 u - a +4 ring of evasion (left claw)
 w - the ring of Heacvoru {rF+ Str+3}
   (You took it off a kobold on level 11 of the Dungeon)

   [ring of protection from fire]

   Str:       It affects your strength (+3).
   rF:        It protects you from fire.
Wands
 h - a wand of mindburst (5)
Scrolls
 i - 3 scrolls of silence
 j - a scroll of amnesia
 k - 3 scrolls of immolation
 n - 2 scrolls of magic mapping
 o - 4 scrolls of teleportation
 v - a scroll of identify
Potions
 m - 2 potions of haste
 q - 2 potions of brilliance
 t - a potion of resistance
 D - a potion of curing
Miscellaneous
 b - a phial of floods
 z - a phantom mirror
 C - a condenser vane (inert)


   Skills:
 - Level 12.0 Fighting
 - Level 1.7(5.0) Short Blades
 + Level 7.4(7.5) Long Blades
 - Level 1.7 Throwing
 - Level 7.5 Armour
 + Level 11.4 Dodging
 - Level 3.6 Stealth
 - Level 1.1 Evocations


You had 11 spell levels left.
You didn't know any spells.
Your spell library contained the following spells:

 Spells                   Type           Power      Damage    Failure   Level
 Foxfire                  Conj/Fire      0%         2x1d4     36%         1
 Magic Dart               Conj           0%         1d3       36%         1
 Ensorcelled Hibernation  Hex/Ice        0%         N/A       50%         2
 Conjure Flame            Conj/Fire      0%         6-21      73%         3
 Inner Flame              Hex/Fire       0%         N/A       73%         3
 Spider Form              Tmut/Pois      0%         N/A       73%         3
 Anguish                  Hex/Necr       0%         N/A       98%         4
 Flame Wave               Conj/Fire      0%         2d4       98%         4
 Hailstorm                Conj/Ice       0%         3d3       98%         4
 Ice Form                 Ice/Tmut       0%         N/A       98%         4
 Freezing Cloud           Conj/Ice/Air   0%         6-21      100%        5
 Lightning Bolt           Conj/Air       0%         1d11      100%        5
 Simulacrum               Ice/Necr       0%         N/A       100%        6


Dungeon Overview and Level Annotations

Branches:
Dungeon (11/15)            Temple (0/1) D:4            Lair (1/6) D:11
  Sewer (visited)          Bailey (visited)           IceCv (1/1)
    Orc: D:9-12

Altars:
Ashenzari
Dithmenos
Fedhas
Gozag
Hepliaklqana
Makhleb
Okawaru
Qazlal
Ru
Sif Muna
Vehumet
Wu Jian
Xom
Yredelemnul
Jiyva

Annotations:
D:5 exclusion: statue


Innate Abilities, Weirdness & Mutations

You have sharp fingernails.
You regenerate a little health from kills.
Your movements are less encumbered by armour. (ER -4)
Spells you cast may paralyse nearby enemies.
You have razor-sharp toenails.
Your flesh is heat resistant. (rF+)
You are somewhat resistant to further mutation.
Your gelatinous body deflects attacks. (AC +3, EV +3)
You occasionally lose the ability to drink potions when taking damage.


Message History

You close the door.
You start resting.
You hear a slurping noise.
The jelly eats the door!
The entropy weaver simulacrum hits the jelly.
The entropy weaver simulacrum freezes the jelly!!
The jelly dies!
There are monsters nearby!
Clouds of thunder condense around you!
The condenser dries out!
The dire elephant simulacrum is struck by lightning.
You cannot drink potions in your current state!
Unknown command.
The entropy weaver simulacrum attacks as you move away!
The entropy weaver simulacrum completely misses you.
The entropy weaver simulacrum hits you but does no damage. x2
The entropy weaver simulacrum completely misses you.
The dire elephant simulacrum is struck by lightning.
The dire elephant simulacrum vaporises!
You closely miss the entropy weaver simulacrum.
You claw the entropy weaver simulacrum.
The entropy weaver simulacrum is lightly damaged.
The entropy weaver simulacrum hits you but does no damage.
The entropy weaver simulacrum closely misses you.
The entropy weaver simulacrum misses you.
The entropy weaver simulacrum completely misses you.
You closely miss the entropy weaver simulacrum.
The entropy weaver simulacrum is lightly damaged.
The entropy weaver simulacrum completely misses you.
The entropy weaver simulacrum hits you but does no damage.
The entropy weaver simulacrum hits you!
The entropy weaver simulacrum freezes you!!!
* * * LOW HITPOINT WARNING * * *
The entropy weaver simulacrum barely misses you.
The entropy weaver simulacrum attacks as you move away!
The entropy weaver simulacrum misses you.
The entropy weaver simulacrum closely misses you. x2
The entropy weaver simulacrum hits you.
* * * LOW HITPOINT WARNING * * *
The entropy weaver simulacrum freezes you!!
You die...

.#.#.# ####.........## .#'#'###
#⌠.#..........# #### .....'.#
+$4#J........## ##..#
.8.8.########..........######....
.........§#..............##......
.........§§.....⌠.............∩∩.
..........#......................
.8.8.########..........##..##....
.....+ .'?4#J.Z@.....########..#
.#.#.# .#⌠4#J.........# ####
.#.#.# ####.........## .#####
#.........## .. ###.....###
#######


You could see 2 ice devils, an entropy weaver simulacrum and 3 neutral jellies
(fellow slime).

Vanquished Creatures
  A hydra (D:10)
  A boulder beetle (D:11)
  2 centaur warriors (D:10)
  A two-headed ogre (D:8)
  Urug (D:10)
  The ghost of anet the Spear-Bearer, a novice MfFi (D:7)
  A skeletal warrior (D:10)
  Pikel (D:7)
  A deep elf zephyrmancer (D:10)
  A deep elf pyromancer (D:10)
  A manticore (D:10)
  An orc sorcerer (D:10)
  A cyclops (D:10)
  2 ice statues (IceCv)
  Maggie (D:7)
  A freezing wraith (D:10)
  An efreet (D:10)
  2 ice devils (IceCv)
  2 entropy weaver simulacra (IceCv)
  5 trolls
  3 anaconda simulacra (IceCv)
  Grinder (D:4)
  14 yaks
  2 shadows
  2 wyverns (D:11)
  A dire elephant simulacrum (IceCv)
  3 vampires
  A wraith (D:10)
  3 basilisks (D:11)
  Menkaure (D:6)
  A steam dragon (D:8)
  The ghost of Gargoyl the Chopper, an amateur GrBe of Trog (D:3)
  2 harpy simulacra (IceCv)
  3 water moccasins (D:11)
  8 orc warriors
  A sky beast (D:7)
  A black bear (D:6)
  7 centaurs
  2 lemures (D:7)
  3 kobold brigands
  6 bullfrogs
  A gnoll sergeant (D:9)
  Blork the orc (D:6)
  2 scorpions (D:5)
  7 wights
  An electric eel (D:6)
  4 howler monkeys
  7 orc priests
  3 iguanas
  Natasha (D:3)
  8 orc wizards
  A troll simulacrum (IceCv)
  3 polar bear simulacra (IceCv)
  4 gnolls
  5 adders
  6 river rats
  3 white imps
  3 ufetubi
  A dart slug (D:1)
  23 orcs
  14 ball pythons
  2 endoplasms (D:1)
  A giant cockroach (D:5)
  7 goblins
  9 hobgoblins
  9 jackals
  19 kobolds
  5 quokkas
  7 bats
  19 rats
  A spectral orc (D:9)
271 creatures vanquished.

Vanquished Creatures (collateral kills)
  An adder (D:5)
1 creature vanquished.

Vanquished Creatures (others)
  Sigmund (D:2)
  A yak (D:10)
  A shadow (D:10)
  An orc warrior (Bailey)
  5 centaurs
  2 kobold brigands
  A necrophage (D:6)
  4 scorpions
  A bullfrog (D:7)
  2 howler monkeys
  5 orc priests
  43 jellies
  Natasha (twice) (D:3)
  5 orc wizards
  6 adders
  4 gnolls (D:9)
  2 river rats (Sewer)
  A worm (D:3)
  A dart slug (D:5)
  27 orcs
  A ball python (D:1)
  5 endoplasms
  3 giant cockroaches
  2 hobgoblins
  5 jackals (D:2)
  10 kobolds
  A frilled lizard (D:3)
  7 goblins
  4 rats (Sewer)
  7 fungi
  18 plants (D:11)
  2 withered plants (D:7)
180 creatures vanquished.

Grand Total: 452 creatures vanquished

Notes
Turn   | Place    | Note
-------+----------+-------------------------------------------
     0 | D:1      | Malachi the Demonspawn Brigand began the quest for the Orb.
     0 | D:1      | Reached XP level 1. HP: 16/16 MP: 1/1
   285 | D:1      | Gained mutation: Your movements are slightly less
                  | encumbered by armour. (ER -2) [demonic ancestry]
   285 | D:1      | Reached XP level 2. HP: 23/23 MP: 2/2
   418 | D:1      | Reached skill level 3 in Fighting
   622 | D:1      | Found a faded altar of an unknown god.
   633 | D:1      | Prayed at the altar of an unknown god.
   633 | D:1      | Became a worshipper of Jiyva Jiykin the Shapeless
   633 | D:1      | Reached * piety under Jiyva
  1088 | D:2      | Reached XP level 3. HP: 29/29 MP: 3/3
  1175 | D:2      | Noticed Sigmund
  1203 | D:2      | Reached ** piety under Jiyva
  1235 | D:2      | Reached skill level 4 in Fighting
  1641 | D:2      | Killed Sigmund
  1864 | D:3      | Noticed Natasha
  1867 | D:3      | Killed Natasha
  1868 | D:3      | Reached XP level 4. HP: 38/38 MP: 4/4
  2078 | D:3      | Killed Natasha
  2108 | D:3      | Reached *** piety under Jiyva
  2203 | D:3      | Found a large runed translucent door.
  2203 | D:3      | Found a large runed translucent door.
  2204 | D:3      | Noticed Gargoyl's ghost (amateur GrBe)
  2242 | D:3      | Found a broken altar of Ashenzari.
  2264 | D:3      | Found an iron altar of Okawaru.
  2282 | D:3      | Killed Natasha
  2456 | D:3      | Killed Gargoyl's ghost
  2457 | D:3      | Reached skill level 5 in Fighting
  2457 | D:3      | Reached XP level 5. HP: 15/43 MP: 5/5
  2595 | D:4      | Noticed Grinder
  2612 | D:4      | Paralysed by Grinder for 2 turns
  2614 | D:4      | Killed Grinder
  2615 | D:4      | Reached skill level 6 in Fighting
  2615 | D:4      | Reached XP level 6. HP: 36/53 MP: 6/6
  2640 | D:4      | Found a staircase to the Ecumenical Temple.
  2650 | D:4      | Gained mutation: Your flesh is heat resistant. (rF+)
                  | [Jiyva's grace]
  2650 | D:4      | Gained mutation: Your flesh is very heat resistant. (rF++)
                  | [Jiyva's grace]
  2650 | D:4      | Gained mutation: Your flesh is almost immune to the effects
                  | of heat. (rF+++) [Jiyva's grace]
  2650 | D:4      | Gained mutation: Your translucent skin slightly reduces
                  | your foes' accuracy. (Stealth+) [Jiyva's grace]
  2679 | D:4      | Reached skill level 7 in Fighting
  2910 | D:4      | Found a hazy altar of Hepliaklqana.
  3307 | D:5      | Entered Level 5 of the Dungeon
  3370 | D:5      | Reached **** piety under Jiyva
  3588 | D:5      | Found a radiant altar of Vehumet.
  3619 | D:5      | Gained mutation: You regenerate a little health from kills.
                  | [demonic ancestry]
  3619 | D:5      | Reached XP level 7. HP: 59/61 MP: 7/7
  3641 | D:5      | Found a shimmering blue altar of Sif Muna.
  3709 | D:5      | Reached skill level 8 in Fighting
  3757 | D:5      | Found a sacrificial altar of Ru.
  3761 | D:5      | Found an ornate altar of the Wu Jian Council.
  3969 | D:5      | Found a glowing drain.
  4001 | Sewer    | Entered a sewer
  4619 | D:6      | Reached skill level 9 in Fighting
  4647 | D:6      | Noticed Blork the orc
  4659 | D:6      | Killed Blork the orc
  4686 | D:6      | Gained mutation: You have a pair of small horns on your
                  | head. [Jiyva's grace]
  4686 | D:6      | Gained mutation: You have a pair of horns on your head.
                  | [Jiyva's grace]
  4686 | D:6      | Gained mutation: You have a pair of large horns on your
                  | head. [Jiyva's grace]
  4686 | D:6      | Gained mutation: You are covered in slimy tendrils that may
                  | disarm your opponents. [Jiyva's grace]
  4744 | D:6      | Reached skill level 1 in Dodging
  4800 | D:6      | Noticed Menkaure
  4813 | D:6      | Reached XP level 8. HP: 59/71 MP: 5/8
  4977 | D:6      | Killed Menkaure
  5165 | D:6      | Reached skill level 10 in Fighting
  5340 | D:7      | Found a flagged portal.
  5352 | Bailey   | Entered a bailey
  5601 | Bailey   | Reached skill level 11 in Fighting
  5960 | Bailey   | Gained mutation: Spells you cast may paralyse adjacent
                  | enemies. [demonic ancestry]
  5960 | Bailey   | Reached XP level 9. HP: 70/81 MP: 6/9
  6728 | D:7      | Noticed Pikel
  6743 | D:7      | Reached skill level 12 in Fighting
  6749 | D:7      | Killed Pikel
  6750 | D:7      | Reached skill level 5 in Dodging
  6755 | D:7      | Found a shadowy altar of Dithmenos.
  6765 | D:7      | Found a blossoming altar of Fedhas.
  6771 | D:7      | Found a stormy altar of Qazlal.
  6875 | D:7      | Found a runed translucent door.
  6880 | D:7      | Noticed anet's ghost (novice MfFi)
  6918 | D:7      | Noticed Maggie
  6963 | D:7      | Killed Maggie
  6996 | D:7      | Killed anet's ghost
  6997 | D:7      | Reached skill level 1 in Armour
  7114 | D:7      | Found a shimmering altar of Xom.
  7196 | D:8      | Lost mutation: You have a pair of large horns on your head.
                  | [Jiyva's grace]
  7196 | D:8      | Lost mutation: You have a pair of horns on your head.
                  | [Jiyva's grace]
  7196 | D:8      | Lost mutation: Your flesh is almost immune to the effects
                  | of heat. (rF+++) [Jiyva's grace]
  7196 | D:8      | Lost mutation: Your translucent skin slightly reduces your
                  | foes' accuracy. (Stealth+) [Jiyva's grace]
  7196 | D:8      | Gained mutation: You have sharp toenails. [Jiyva's grace]
  7196 | D:8      | Gained mutation: You have razor-sharp toenails. [Jiyva's
                  | grace]
  7196 | D:8      | Gained mutation: You have claws for feet. [Jiyva's grace]
  7196 | D:8      | Gained mutation: Your body has grown eyes which may confuse
                  | attackers. (Acc +3) [Jiyva's grace]
  7464 | D:8      | Noticed a two-headed ogre
  7484 | D:8      | Killed a two-headed ogre
  7485 | D:8      | Gained mutation: Spells you cast may paralyse nearby
                  | enemies. [demonic ancestry]
  7485 | D:8      | Reached XP level 10. HP: 59/89 MP: 10/10
  7658 | D:8      | Identified the +1 helmet "Visesil" {rF++ Regen+}
  7665 | D:8      | Lost mutation: Your body has grown eyes which may confuse
                  | attackers. (Acc +3) [potion of mutation]
  7665 | D:8      | Lost mutation: You have a pair of small horns on your head.
                  | [potion of mutation]
  7665 | D:8      | Lost mutation: Your flesh is very heat resistant. (rF++)
                  | [potion of mutation]
  7665 | D:8      | Gained mutation: You occasionally lose the ability to drink
                  | potions when taking damage. [potion of mutation]
  7665 | D:8      | Gained mutation: Your magical capacity is low. (-10% MP)
                  | [potion of mutation]
  7665 | D:8      | Gained mutation: You are somewhat resistant to further
                  | mutation. [potion of mutation]
  8247 | D:9      | Found a burning altar of Makhleb.
  8290 | D:9      | Noticed a balrug
  8510 | D:9      | Found a basalt altar of Yredelemnul.
  8817 | D:9      | Reached ***** piety under Jiyva
  8842 | D:9      | Lost mutation: You have claws for feet. [Jiyva's grace]
  8842 | D:9      | Lost mutation: Your magical capacity is low. (-10% MP)
                  | [Jiyva's grace]
  8842 | D:9      | Lost mutation: You are somewhat resistant to further
                  | mutation. [Jiyva's grace]
  8842 | D:9      | Lost mutation: You are covered in slimy tendrils that may
                  | disarm your opponents. [Jiyva's grace]
  8842 | D:9      | Gained mutation: Your rubbery body absorbs attacks. (AC +1,
                  | EV +1) [Jiyva's grace]
  8842 | D:9      | Gained mutation: Your pliable body absorbs attacks. (AC +2,
                  | EV +2) [Jiyva's grace]
  8842 | D:9      | Gained mutation: Your gelatinous body deflects attacks. (AC
                  | +3, EV +3) [Jiyva's grace]
  8842 | D:9      | Gained mutation: You are somewhat resistant to further
                  | mutation. [Jiyva's grace]
  8933 | D:10     | Entered Level 10 of the Dungeon
  8967 | D:10     | Noticed an orc sorcerer
  8971 | D:10     | Noticed a deep elf zephyrmancer
  8977 | D:10     | Noticed a sun demon
  8978 | D:10     | Paralysed by an orc sorcerer for 2 turns
  8979 | D:10     | Noticed a deep elf pyromancer
  8981 | D:10     | Killed an orc sorcerer
  8985 | D:10     | Killed a deep elf zephyrmancer
  8990 | D:10     | Killed a deep elf pyromancer
  9015 | D:10     | Noticed a manticore
  9016 | D:10     | Noticed a centaur warrior
  9027 | D:10     | Killed a manticore
  9028 | D:10     | Reached skill level 5 in Armour
  9031 | D:10     | Killed a centaur warrior
  9045 | D:10     | Noticed a cyclops
  9068 | D:10     | Killed a cyclops
  9069 | D:10     | Gained mutation: Your movements are less encumbered by
                  | armour. (ER -4) [demonic ancestry]
  9069 | D:10     | Reached XP level 11. HP: 70/95 MP: 11/11
  9089 | D:10     | Noticed a centaur warrior
  9098 | D:10     | Identified the ring "Ezifurphusu" {Fire rPois Str+6 Int-5}
  9101 | D:10     | Killed a centaur warrior
  9102 | D:10     | Reached skill level 1 in Evocations
  9106 | D:10     | Reached skill level 10 in Dodging
  9246 | D:10     | Noticed a four-headed hydra
  9254 | D:10     | Killed a one-headed hydra
  9331 | D:10     | Found an opulent altar of Gozag.
  9492 | D:10     | Noticed a skeletal warrior
  9511 | D:10     | Killed a skeletal warrior
  9512 | D:10     | Reached skill level 1 in Long Blades
  9763 | D:11     | Noticed Urug
  9779 | D:10     | Killed Urug
  9993 | D:11     | Identified the ring of Heacvoru {rF+ Str+3}
 10212 | D:11     | Found a staircase to the Lair.
 10311 | D:11     | Reached skill level 5 in Long Blades
 10318 | D:11     | Gained mutation: You have sharp fingernails. [demonic
                  | ancestry]
 10318 | D:11     | Reached XP level 12. HP: 71/102 MP: 12/12
 10322 | D:11     | Noticed a boulder beetle
 10337 | D:11     | Killed a boulder beetle
 10394 | D:11     | Found a hazy altar of Hepliaklqana.
 10558 | Lair:1   | Entered Level 1 of the Lair of Beasts
 10565 | Lair:1   | Got the Compendium of Confrontation
 10615 | Lair:1   | Found a frozen archway.
 10624 | IceCv    | Entered an ice cave
 10807 | IceCv    | HP: 2/102 [dire elephant simulacrum (40)]
 10836 | IceCv    | Demolished by an entropy weaver simulacrum

Illustrated notes

Levels and vault maps discovered:
D:1:      dpeg_arrival_rhombus, layout_loops_ring,
          chequers_ecumenical_altar_lobes
D:2:      minmay_general_purpose_star, layout_loops_ring, uniq_sigmund
D:3:      layout_loops_ring, ashenzari_altar_1, kennysheep_okawaru_gauntlet,
          ebering_ghost_disaster_area, lemuel_old_faithful, uniq_natasha
D:4:      layout_cave_pools, old_standard_altar, minmay_temple_entry_ruins,
          uniq_grinder
D:5:      layout_loops_ring, mainiacjoe_overflow_chevrons,
          mainiacjoe_overflow_big_doors, vehumet_statue,
          mainiacjoe_overflow_six_doors_small, portal_sewer_entry_b
D:6:      layout_cave_pools, chequers_jeans, corner_web_ring,
          nicolae_water_bricks, uniq_menkaure, uniq_blork_the_orc
D:7:      layout_cave_pools, grunt_temple_overflow_forces_of_nature,
          kennysheep_little_box, nicolae_dithmenos_the_darkroom,
          gammafunk_ghost_grave, enter_bailey_3, uniq_maggie, uniq_pikel
D:8:      layout_loops_ring, kennysheep_crisscross
D:9:      layout_grid_maze, elyvilon_altar_5, makhleb_altar_promises_db,
          yredelemnul_forgotten_temple_becter
D:10:     layout_rooms, mainiacjoe_overflow_boulevard, minmay_the_grid_2x2
          [minmay_the_grid_tri_star, minmay_the_grid_medium_cups,
          minmay_the_grid_holed_spiral,
          minmay_the_grid_prize_four_corners_diamond_a]
D:11:     layout_cave_pools, minmay_lair_entry_grove,
          worldfamousw_hep_ancestral_shrine, uniq_urug
Lair:1:   layout_small_grid, portal_ice_cave_entry_pillars_2,
          gammafunk_ghost_hive
IceCv:    ice_cave_tombish

Skill      XL: |  1  2  3  4  5  6  7  8  9 10 11 12 |
---------------+-------------------------------------+-----
Fighting       | 3 4 5 6 7 9 11 12 | 12.0
Dodging        | 1 3 7 9 11 | 11.4
Armour         | 2 5 7 |  7.5
Evocations     | 1 |  1.1
Long Blades    | 5 7 |  7.4
Short Blades   | |  1.7
Throwing       | |  1.7
Stealth        | |  3.6

Action                   |  1- 3 |  4- 6 |  7- 9 | 10-12 || total
-------------------------+-------+-------+-------+-------++-------
Melee: Dagger            |    99 |   159 |   568 |   206 ||  1032
       Punch             |     2 |     1 |    10 |     8 ||    21
       Headbutt          |       |       |    96 |     4 ||   100
       Kick              |       |       |    16 |   198 ||   214
       Double sword      |       |       |       |   241 ||   241
Throw: Dart              |       |       |    21 |       ||    21
Invok: Oozemancy         |       |     1 |    11 |     8 ||    20
Evoke: Wand              |       |       |     1 |     4 ||     5
       Condenser vane    |       |       |       |     1 ||     1
  Use: Potion            |       |     7 |       |     5 ||    12
       Scroll            |       |     5 |     4 |     3 ||    12
 Stab: Sleeping          |    10 |     7 |     9 |     7 ||    33
       Distracted        |       |       |     2 |     2 ||     4
       Confused          |       |       |     1 |       ||     1
Armor: Robe              |    27 |    43 |    98 |       ||   168
       Skin              |       |     3 |       |       ||     3
       Swamp dragon scal |       |       |     1 |   175 ||   176
Dodge: Dodged            |    53 |   158 |   627 |   693 ||  1531

Table legend: (Time is in decaauts)
 A = Elapsed time spent in this place.
 B = Non-inter-level travel time spent in this place.
 C = Inter-level travel time spent in this place.
 D = Time resting spent in this place.
 E = Time spent auto-exploring this place.
 F = Levels seen in this place.
 G = Mean time per level.
                   A        B        C        D        E       F      G
               +--------+--------+--------+--------+--------+-----+--------+
         Total |  10848 |  10575 |    273 |    884 |   5776 |  15 |  723.2 |
       Dungeon |   8735 |   8462 |    273 |    398 |   5621 |  11 |  794.1 |
          Lair |     65 |     65 |      0 |      0 |      0 |   1 |   65.0 |
         Sewer |    583 |    583 |      0 |      0 |    128 |   1 |  583.0 |
        Bailey |   1240 |   1240 |      0 |    473 |     26 |   1 | 1240.0 |
      Ice Cave |    223 |    223 |      0 |     13 |      0 |   1 |  223.0 |
               +--------+--------+--------+--------+--------+-----+--------+

Top non-repeatable levels by time:
  Bailey: 1240 daAuts
     D:9: 1099 daAuts
     D:1: 1042 daAuts
    D:10: 1000 daAuts
     D:2: 813 daAuts
     D:3: 779 daAuts
     D:5: 712 daAuts
    D:11: 693 daAuts
     D:6: 686 daAuts
     D:4: 637 daAuts
     D:7: 635 daAuts
     D:8: 634 daAuts
   Sewer: 583 daAuts
   IceCv: 223 daAuts
  Lair:1: 65 daAuts
